PAAA
PHOENIX HOTSPUR RESERVES @ ROYSE CITY TARGARYENS
08/23/2022
 
TOP OF THE 1ST
Phoenix Hotspur Reserves batting - Pitching for Royse City Targaryens : RHP Hirokichi Kichida
Pitching: RHP Hirokichi Kichida
Batting: RHB Gabriel Pérez 0-0: Ball
1-0: Ground out 5-3 (Groundball, 56)
Batting: RHB Randy Rehling 0-0: Foul Ball, location: 2F
0-1: Ball
1-1: Ball
2-1: Fly out, F8 (Popup, 8LS)
Batting: RHB Martín Martínez 0-0: Called Strike
0-1: Ball
1-1: Ground out 4-3 (Groundball, 4M)
Top of the 1st over - 0 run(s), 0 hit(s), 0 error(s), 0 left on base; Phoenix 0 - Royse City 0
BOTTOM OF THE 1ST
Royse City Targaryens batting - Pitching for Phoenix Hotspur Reserves : RHP Bob Cook
Pitching: RHP Bob Cook
Batting: RHB Sancho Balderas 0-0: Ball
1-0: SINGLE (Line Drive, 78S)
Batting: LHB Fernando Ramírez 0-0: Called Strike
0-1: Ball
1-1: Swinging Strike
1-2: Foul Ball, location: 2F
1-2: Strikes out swinging
Batting: LHB Shang-de Zhang 0-0: Ball
1-0: Called Strike
1-1: Grounds into double play, 1-6-3 (Groundball, 15)
Bottom of the 1st over - 0 run(s), 1 hit(s), 0 error(s), 0 left on base; Phoenix 0 - Royse City 0
TOP OF THE 2ND
Phoenix Hotspur Reserves batting - Pitching for Royse City Targaryens : RHP Hirokichi Kichida
Batting: RHB Jorge Gonzáles 0-0: Swinging Strike
0-1: Ball
1-1: SINGLE (Flyball, 8LS)
Batting: RHB Júlio Mateo 0-0: Foul Ball, location: 2F
0-1: Reached on error, E5 (Groundball, 56)
Jorge Gonzáles to second
Batting: RHB Ben Anderson 0-0: Called Strike
0-1: Called Strike
0-2: DOUBLE (Groundball, 5L)
Jorge Gonzáles scores
Júlio Mateo to third
Batting: RHB Fernando Rivera 0-0: Called Strike
0-1: Ball
1-1: Ball
2-1: Foul Ball, location: 2F
2-2: Ground out 5-3 (Groundball, 56S)
Júlio Mateo scores
Ben Anderson to third
Batting: SHB Jesús González 0-0: Swinging Strike
0-1: Foul Ball, location: 2F
0-2: SINGLE (Line Drive, 9S)
Ben Anderson scores
Batting: RHB Alejandro Ibarra 0-0: Ball
1-0: Called Strike
1-1: Foul Ball, location: 2F
1-2: Ball
2-2: Foul Ball, location: 2F
2-2: Foul Ball, location: 2F
2-2: Ball
3-2: Base on Balls
Jesús González to second
Batting: RHB Gabriel Pérez 0-0: Swinging Strike
0-1: Called Strike
0-2: Foul Ball, location: 2F
0-2: SINGLE (Line Drive, 56D)
Jesús González to third
Alejandro Ibarra to second
Runner from 3rd tries for Home, SAFE, no throw or cutoff
Batting: RHB Randy Rehling 0-0: Ball
1-0: Fly out, F7 (Line Drive, 7S)
Batting: RHB Martín Martínez 0-0: Foul Ball, location: 2F
0-1: Foul Ball, location: 2F
0-2: Ball
1-2: Ball
2-2: Strikes out looking
Top of the 2nd over - 4 run(s), 4 hit(s), 1 error(s), 2 left on base; Phoenix 4 - Royse City 0
BOTTOM OF THE 2ND
Royse City Targaryens batting - Pitching for Phoenix Hotspur Reserves : RHP Bob Cook
Batting: LHB Carlos Álvarez 0-0: Ball
1-0: Ball
2-0: Called Strike
2-1: Ball
3-1: Called Strike
3-2: Strikes out swinging
Batting: LHB José Tamayo 0-0: Ball
1-0: Foul Ball, location: 2F
1-1: Called Strike
1-2: Strikes out swinging
Batting: LHB Jack Schmitt 0-0: Ball
1-0: Ground out U3 (Groundball, 3L)
Bottom of the 2nd over - 0 run(s), 0 hit(s), 0 error(s), 0 left on base; Phoenix 4 - Royse City 0
TOP OF THE 3RD
Phoenix Hotspur Reserves batting - Pitching for Royse City Targaryens : RHP Hirokichi Kichida
Batting: RHB Jorge Gonzáles 0-0: Foul Ball, location: 2F
0-1: Fly out, F4 (Popup, 4D)
Batting: RHB Júlio Mateo 0-0: Called Strike
0-1: Swinging Strike
0-2: Strikes out swinging
Batting: RHB Ben Anderson 0-0: TRIPLE (Flyball, 89D)
Batting: RHB Fernando Rivera 0-0: Called Strike
0-1: SINGLE (Line Drive, 9S)
Ben Anderson scores
Batting: SHB Jesús González 0-0: Ball
1-0: Ball
2-0: Called Strike
2-1: Fly out, F8 (Flyball, 8RM)
Top of the 3rd over - 1 run(s), 2 hit(s), 0 error(s), 1 left on base; Phoenix 5 - Royse City 0
BOTTOM OF THE 3RD
Royse City Targaryens batting - Pitching for Phoenix Hotspur Reserves : RHP Bob Cook
Batting: RHB Dave Thompson 0-0: Swinging Strike
0-1: Ball
1-1: Ball
2-1: Foul Ball, location: 2F
2-2: Foul Ball, location: 2F
2-2: Foul Ball, location: 2F
2-2: Ball
3-2: Base on Balls
Batting: LHB Eduardo Álvarez 0-0: Ball
1-0: Ball
2-0: Called Strike
2-1: Fielders Choice at 2nd, 1-4 (Groundball, 13S)
Batting: RHB Héctor Ruíz 0-0: Ball
1-0: Swinging Strike
1-1: Ground out 3-1 (Groundball, 34)
Eduardo Álvarez to second
Batting: RHB Sancho Balderas 0-0: Called Strike
0-1: Ball
1-1: Ball
2-1: Ball
3-1: Base on Balls
Batting: LHB Fernando Ramírez 0-0: Ball
1-0: Ball
2-0: Called Strike
2-1: Foul Ball, location: 2F
2-2: Ball
3-2: SINGLE (Groundball, 34D)
Eduardo Álvarez to third
Sancho Balderas to second
Eduardo Álvarez scores
Sancho Balderas to third
Batting: LHB Shang-de Zhang 0-0: Ball
1-0: Foul Ball, location: 2F
1-1: Ball
2-1: Foul Ball, location: 2F
2-2: Fly out, F9 (Flyball, 89S)
Bottom of the 3rd over - 1 run(s), 1 hit(s), 0 error(s), 2 left on base; Phoenix 5 - Royse City 1
TOP OF THE 4TH
Phoenix Hotspur Reserves batting - Pitching for Royse City Targaryens : RHP Hirokichi Kichida
Batting: RHB Alejandro Ibarra 0-0: Ball
1-0: Ball
2-0: Called Strike
2-1: Called Strike
2-2: Fly out, F9 (Flyball, 9M)
Batting: RHB Gabriel Pérez 0-0: Called Strike
0-1: Foul Ball, location: 2F
0-2: Foul Ball, location: 2F
0-2: Strikes out swinging
Batting: RHB Randy Rehling 0-0: Fly out, F8 (Flyball, 8LM)
Top of the 4th over - 0 run(s), 0 hit(s), 0 error(s), 0 left on base; Phoenix 5 - Royse City 1
BOTTOM OF THE 4TH
Royse City Targaryens batting - Pitching for Phoenix Hotspur Reserves : RHP Bob Cook
Batting: LHB Carlos Álvarez 0-0: Ball
1-0: Ball
2-0: Ball
3-0: Foul Ball, location: 2F
3-1: Base on Balls
Batting: LHB José Tamayo 0-0: Ball
1-0: Ball
2-0: Fly out, F8 (Flyball, 8LD)
Batting: LHB Jack Schmitt 0-0: Foul Ball, location: 2F
0-1: Ball
1-1: Ball
2-1: Ball
3-1: Base on Balls
Carlos Álvarez to second
Batting: RHB Dave Thompson 0-0: Called Strike
0-1: Foul Ball, location: 2F
0-2: Foul Ball, location: 2F
0-2: Foul Ball, location: 2F
0-2: Ball
1-2: Ball
2-2: Ball
3-2: Foul Ball, location: 2F
3-2: Fly out, F6 (Popup, 7S)
Pitching: RHP Luis Fernández
Batting: LHB Eduardo Álvarez 0-0: Ball
1-0: Ball
2-0: Called Strike
2-1: SINGLE (Groundball, 4M)
Carlos Álvarez to third
Jack Schmitt to second
Runner from 3rd tries for Home, SAFE, no throw or cutoff
Batting: RHB Héctor Ruíz 0-0: Ball
1-0: Fly out, F5 (Popup, 56)
Bottom of the 4th over - 1 run(s), 1 hit(s), 0 error(s), 2 left on base; Phoenix 5 - Royse City 2
TOP OF THE 5TH
Phoenix Hotspur Reserves batting - Pitching for Royse City Targaryens : RHP Hirokichi Kichida
Batting: RHB Martín Martínez 0-0: Fly out, F5 (Popup, 25F)
Batting: RHB Jorge Gonzáles 0-0: Called Strike
0-1: Ground out 1-3 (Groundball, 23)
Batting: RHB Júlio Mateo 0-0: Foul Ball, location: 2F
0-1: Called Strike
0-2: Ball
1-2: Fly out, F8 (Flyball, 8RD)
Top of the 5th over - 0 run(s), 0 hit(s), 0 error(s), 0 left on base; Phoenix 5 - Royse City 2
BOTTOM OF THE 5TH
Royse City Targaryens batting - Pitching for Phoenix Hotspur Reserves : RHP Luis Fernández
Batting: RHB Sancho Balderas 0-0: Ball
1-0: Foul Ball, location: 2F
1-1: Foul Ball, location: 2F
1-2: Ball
2-2: Foul Ball, location: 2F
2-2: Ball
3-2: Foul Ball, location: 2F
3-2: SINGLE (Line Drive, 8RS)
Batting: LHB Fernando Ramírez 0-0: Called Strike
0-1: Ball
1-1: Ground out 3-1 (Groundball, 34)
Sancho Balderas to second
Batting: LHB Shang-de Zhang 0-0: Called Strike
0-1: Reached on error, E3 (Groundball, 34)
Sancho Balderas scores
Batting: LHB Carlos Álvarez 0-0: Ball
1-0: Ball
2-0: SINGLE (Groundball, 3S) (infield hit)
Shang-de Zhang to third
Batting: LHB José Tamayo 0-0: SINGLE (Line Drive, 34D)
Shang-de Zhang scores
Carlos Álvarez to second
Batting: LHB Jack Schmitt 0-0: Foul Ball, location: 2F
0-1: Hit by Pitch
Carlos Álvarez to third
José Tamayo to second
Batting: RHB Dave Thompson 0-0: Called Strike
0-1: Foul Ball, location: 2F
0-2: Fly out, F8 (Line Drive, 8RD)
Runner from 3rd tags up, SCORES, no throw
Batting: LHB Eduardo Álvarez 0-0: Called Strike
0-1: Ball
1-1: SINGLE (Groundball, 4MD)
José Tamayo to third
Jack Schmitt to second
Runner from 3rd tries for Home, SAFE, no throw or cutoff
Pitching: RHP Roderick Draper
Batting: RHB Héctor Ruíz 0-0: Ball
1-0: Swinging Strike
1-1: Foul Ball, location: 2F
1-2: Foul Ball, location: 2F
1-2: Strikes out swinging
Bottom of the 5th over - 4 run(s), 4 hit(s), 1 error(s), 2 left on base; Phoenix 5 - Royse City 6
TOP OF THE 6TH
Phoenix Hotspur Reserves batting - Pitching for Royse City Targaryens : RHP Hirokichi Kichida
Batting: RHB Ben Anderson 0-0: Ball
1-0: Ground out U3 (Groundball, 3)
Batting: RHB Fernando Rivera 0-0: Ball
1-0: SINGLE (Flyball, 6MD)
Batting: SHB Jesús González 0-0: Called Strike
0-1: Ball
1-1: Ball
2-1: Foul Ball, location: 2F
2-2: Strikes out swinging
Batting: RHB Alejandro Ibarra 0-0: Ball
1-0: Called Strike
1-1: Called Strike
1-2: Ball
2-2: Ball
3-2: Ground out 5-3 (Groundball, 56)
Top of the 6th over - 0 run(s), 1 hit(s), 0 error(s), 1 left on base; Phoenix 5 - Royse City 6
BOTTOM OF THE 6TH
Royse City Targaryens batting - Pitching for Phoenix Hotspur Reserves : RHP Roderick Draper
Batting: RHB Sancho Balderas 0-0: Ball
1-0: Foul Ball, location: 2F
1-1: Swinging Strike
1-2: Strikes out swinging
Batting: LHB Fernando Ramírez 0-0: Foul Ball, location: 2F
0-1: Foul Ball, location: 2F
0-2: Ball
1-2: Foul Ball, location: 2F
1-2: Strikes out swinging
Batting: LHB Shang-de Zhang 0-0: Called Strike
0-1: Ball
1-1: Ball
2-1: Fly out, F8 (Line Drive, 8LM)
Bottom of the 6th over - 0 run(s), 0 hit(s), 0 error(s), 0 left on base; Phoenix 5 - Royse City 6
TOP OF THE 7TH
Phoenix Hotspur Reserves batting - Pitching for Royse City Targaryens : RHP Hirokichi Kichida
Batting: RHB Gabriel Pérez 0-0: Called Strike
0-1: DOUBLE (Line Drive, 7M)
Pitching: RHP Stanley Neal
Batting: RHB Randy Rehling 0-0: Foul Ball, location: 2F
0-1: Ball
1-1: Sac Bunt - play at first, batter OUT! 1-3
Gabriel Pérez to third
Pinch Hitting: SHB Roberto López 0-0: Ball
1-0: Called Strike
1-1: Foul Ball, location: 2F
1-2: Strikes out swinging
Batting: RHB Jorge Gonzáles 0-0: Foul Ball, location: 2F
0-1: Foul Ball, location: 2F
0-2: Ball
1-2: Ball
2-2: Foul Ball, location: 2F
2-2: Ball
3-2: Foul Ball, location: 2F
3-2: Reached on error, E3 (Groundball, 34S)
Gabriel Pérez scores
Batting: RHB Júlio Mateo 0-0: Ball
1-0: Called Strike
1-1: Ball
2-1: Foul Ball, location: 2F
2-2: Foul Ball, location: 2F
2-2: Foul Ball, location: 2F
2-2: Foul Ball, location: 2F
2-2: Ground out 5-3 (Groundball, 5S)
Top of the 7th over - 1 run(s), 1 hit(s), 1 error(s), 1 left on base; Phoenix 6 - Royse City 6
BOTTOM OF THE 7TH
Royse City Targaryens batting - Pitching for Phoenix Hotspur Reserves : RHP Roderick Draper
Now at SS: Roberto López
Batting: LHB Carlos Álvarez 0-0: Ball
1-0: SINGLE (Line Drive, 4M)
Pinch Hitting: LHB Jerry Wilson 0-0: Ball
1-0: Foul Ball, location: 2F
1-1: Ball
2-1: Foul Ball, location: 2F
2-2: Strikes out swinging
Batting: LHB Jack Schmitt 0-0: Ball
1-0: Ball
2-0: Called Strike
2-1: Foul Ball, location: 2F
2-2: Grounds into double play, 4-6-3 (Groundball, 4)
Bottom of the 7th over - 0 run(s), 1 hit(s), 0 error(s), 0 left on base; Phoenix 6 - Royse City 6
TOP OF THE 8TH
Phoenix Hotspur Reserves batting - Pitching for Royse City Targaryens : RHP Stanley Neal
Now at 2B: Ray Porch
Batting: RHB Ben Anderson 0-0: Called Strike
0-1: Ground out 6-3 (Groundball, 6)
Pinch Hitting: RHB Christian O'Neal 0-0: Called Strike
0-1: Fly out, F9 (Flyball, 89S)
Batting: SHB Jesús González 0-0: Called Strike
0-1: Ball
1-1: Fly out, F8 (Flyball, 8RS)
Top of the 8th over - 0 run(s), 0 hit(s), 0 error(s), 0 left on base; Phoenix 6 - Royse City 6
BOTTOM OF THE 8TH
Royse City Targaryens batting - Pitching for Phoenix Hotspur Reserves : RHP Roderick Draper
Pitching: RHP Pat McCormick
Now at 2B: John Boatner
Batting: RHB Dave Thompson 0-0: Foul Ball, location: 2F
0-1: SINGLE (Flyball, 78M)
Batting: LHB Eduardo Álvarez 0-0: Ball
1-0: Ball
2-0: Called Strike
2-1: Fly out, F9 (Flyball, 89M)
Pinch Hitting: RHB Bartolo Martínez 0-0: Foul Ball, location: 2F
0-1: Fly out, F7 (Flyball, 7M)
Batting: RHB Sancho Balderas 0-0: Foul Ball, location: 2F
0-1: Ball
1-1: Fly out, F9 (Flyball, 9M)
Bottom of the 8th over - 0 run(s), 1 hit(s), 0 error(s), 1 left on base; Phoenix 6 - Royse City 6
TOP OF THE 9TH
Phoenix Hotspur Reserves batting - Pitching for Royse City Targaryens : RHP Stanley Neal
Pitching: RHP César Vatgos
Now in CF: Paul Wilson
Pinch Hitting: RHB Andre Dixon 0-0: SINGLE (Groundball, 56)
Batting: RHB Gabriel Pérez 0-0: Called Strike
0-1: Ball
1-1: Sac Bunt - play at first, batter OUT! 4-3
Andre Dixon to second
Batting: RHB Randy Rehling 0-0: Ball
1-0: DOUBLE (Line Drive, 78XD)
Andre Dixon scores
Batting: SHB Roberto López 0-0: Intentional Walk
Batting: RHB Jorge Gonzáles 0-0: Foul Ball, location: 2F
0-1: Called Strike
0-2: SINGLE (Groundball, 34D)
Randy Rehling to third
Roberto López to second
Runner from 3rd tries for Home, SAFE, throw made home
Batting: RHB Júlio Mateo 0-0: Ball
1-0: Called Strike
1-1: Called Strike
1-2: SINGLE (Groundball, 4M)
Roberto López to third
Jorge Gonzáles to second
Runner from 3rd tries for Home, SAFE, no throw or cutoff
Pitching: RHP Tom Rosas
Batting: RHB Ben Anderson 0-0: Foul Ball, location: 2F
0-1: Swinging Strike
0-2: Foul Ball, location: 2F
0-2: Strikes out swinging
Batting: RHB John Boatner 0-0: Ball
1-0: Called Strike
1-1: Swinging Strike
1-2: Strikes out looking
Top of the 9th over - 3 run(s), 4 hit(s), 0 error(s), 2 left on base; Phoenix 9 - Royse City 6
BOTTOM OF THE 9TH
Royse City Targaryens batting - Pitching for Phoenix Hotspur Reserves : RHP Pat McCormick
Pitching: LHP Ray Davis
Now in CF: José Villarreal
Batting: LHB Fernando Ramírez 0-0: Foul Ball, location: 2F
0-1: Ball
1-1: Called Strike
1-2: Foul Ball, location: 2F
1-2: SOLO HOME RUN (Flyball, 9LD), Distance : 351 ft
Batting: LHB Shang-de Zhang 0-0: Called Strike
0-1: Ball
1-1: Ball
2-1: Foul Ball, location: 2F
2-2: Ball
3-2: Strikes out looking
Batting: LHB Carlos Álvarez 0-0: Ball
1-0: Foul Ball, location: 2F
1-1: Ball
2-1: SINGLE (Groundball, 3SF)
Batting: RHB Ray Porch 0-0: Fly out, F9 (Flyball, 9LM)
Batting: LHB Jack Schmitt 0-0: Swinging Strike
0-1: Ground out U3 (Groundball, 3S)
Bottom of the 9th over - 1 run(s), 2 hit(s), 0 error(s), 1 left on base; Phoenix 9 - Royse City 7
This league is powered by Out of the Park Baseball, the baseball management simulation game for PC, Mac and Linux
Friday, April 15th, 2016 - OOTP Baseball 16.9 Build 39